 Dungeon Crawl Stone Soup version 0.24-a0-7-g1bb0902 (webtiles) character file.

Game seed: 8274922338559910274

266 MalarOregon the Poker (level 6, 0/49 HPs)
             Began as a Merfolk Abyssal Knight on Jan 31, 2019.
             Was a Priest of Lugonu.
             Killed from afar by Natasha (10 damage)
             ... with a magic dart
             ... on level 3 of the Dungeon.
             The game lasted 00:10:36 (3148 turns).

MalarOregon the Poker (Merfolk Abyssal Knight)      Turns: 3148, Time: 00:10:36

Health: 0/49       AC:  0    Str: 12    XL:     6   Next: 20%
Magic:  8/8        EV: 23    Int: 13    God:    Lugonu [***...]
Gold:   74         SH:  0    Dex: 19    Spells: 5/5 levels left

rFire    . . .     SeeInvis .   (weapon currently unavailable)
rCold    . . .     Gourm    .   (shield currently unavailable)
rNeg     . . .     Faith    .   (armour currently unavailable)
rPois    .         Spirit   .   (helmet currently unavailable)
rElec    .         Reflect  .   (cloak currently unavailable)
rCorr    .         Harm     .   (gloves currently unavailable)
MR       .....                  (boots currently unavailable)
Stlth    ++........             (no amulet)
HPRegen  0.16/turn              (ring currently unavailable)
MPRegen  0.11/turn              (ring currently unavailable)

@: bat-form, flying, slowed, quick
A: tiny, (change form in water), (swift swim), (stealthy swim)
a: Depart the Abyss, Bend Space, Banish, Renounce Religion


You were on level 3 of the Dungeon.
You worshipped Lugonu.
Lugonu was most pleased with you.
You were not hungry.
You were in bat-form.
You visited 1 branch of the dungeon, and saw 3 of its levels.
You visited the Abyss 1 time.

You collected 74 gold pieces.

Inventory:

Hand Weapons
 a - a +1 spear
 k - a +0 dagger of venom
   (You took it off a kobold on level 2 of the Dungeon)
 m - a +4 trident (melded)
   (You took it off an orc on level 2 of the Dungeon)
Armour
 b - a +0 leather armour (melded)
 p - a +0 helmet
   (You took it off Robin on level 3 of the Dungeon)
Scrolls
 f - 8 scrolls of identify {unknown}
 h - 2 scrolls of teleportation {unknown}
 i - 2 scrolls of enchant armour {unknown}
 l - 2 scrolls of remove curse {unknown}
 n - a scroll of fear {unknown}
 o - a scroll of noise {unknown}
Potions
 c - a potion of curing {@q1}
 g - a potion of might {unknown}
 j - a potion of magic {unknown}
Comestibles
 d - 16 chunks of flesh
 e - 5 rations {!d}


   Skills:
 + Level 4.4 Fighting
 + Level 4.8 Polearms
 + Level 2.0 Armour
 + Level 4.4 Dodging
 + Level 3.4 Invocations


You had 5 spell levels left.
You didn't know any spells.
Your spell library was empty.

Dungeon Overview and Level Annotations

Branches:
Dungeon (3/15)

Altars:
Makhleb
Nemelex Xobeh
The Shining One

Annotations:
D:3 Natasha


Message History

Aim: a shadow imp (summoned)
You reach to attack!
You hit the shadow imp.
Natasha drinks a potion.
Natasha seems to speed up.
The crimson imp blinks!
You hit the shadow imp. The shadow imp gestures at you.
Pain shoots through your body!
You hit Natasha.
Natasha zaps a wand.
You turn into a bat.
Your +4 trident melds into your body.
Your +0 leather armour melds into your body.
The shadow imp gestures at you. Pain shoots through your body!
Unknown command.
Things that are here:
a +0 trident; a cursed +0 animal skin; the hobgoblin skeleton of Robin Natasha mumbles some strange words.
Items here: )))))) ÷÷÷ Natasha zaps a wand.
Items here: ))) ÷÷ a cursed -3 club; a +0 club x2; a goblin skeleton x2
You see here an adder skeleton.
Natasha stares at you and mumbles some strange words.
You feel yourself slow down.
Natasha stares at you and mumbles some strange words.
The magic dart hits you!
The crimson imp disappears in a puff of smoke!
Natasha zaps a wand.
You resist with some effort.
You hit Natasha but do no damage.
Natasha growls.
Natasha claws you!
* * * LOW HITPOINT WARNING * * *
Natasha mumbles some strange words.
You hit the white imp but do no damage. Natasha casts a spell at you.
You resist with some effort. The white imp gestures at you.
The puff of frost hits you!
* * * LOW HITPOINT WARNING * * *
Natasha closely misses you.
It was a potion of curing.
You feel better.
Natasha stares at you and mumbles some strange words.
The magic dart hits you!
* * * LOW HITPOINT WARNING * * *
The white imp gestures at you. The puff of frost hits you!
* * * LOW HITPOINT WARNING * * *
Natasha stares at you and mumbles some strange words.
The magic dart hits you!
You die...

#.# #.......
#.# #.##....
#.# #) ##...
#.# #..# ##.#
....# #..#
.#...# #.## .
#.#.. #5# #.#..
#b# #.. #h#
.>h..#.#.. #5#
....... #.#
.....# #5#
.....# #÷#
.....#. #)#
.......
#.######...#...
#)##..........#


You could see Natasha, a crimson imp, a white imp and a shadow imp.

Vanquished Creatures
  A hound (D:2)
  A bullfrog skeleton (D:2)
  2 orc wizards (D:3)
  Robin (D:3)
  4 adders
  2 worms (D:2)
  A dart slug (D:3)
  2 leopard geckos (D:1)
  13 orcs
  4 bats
  2 giant cockroaches
  14 goblins
  14 hobgoblins
  5 jackals
  A ball python (D:3)
  2 frilled lizards (D:1)
  A giant cockroach zombie (D:2)
  7 kobolds
  8 rats
85 creatures vanquished.

Notes
Turn   | Place    | Note
-------+----------+-------------------------------------------
     0 | Abyss:1  | MalarOregon the Merfolk Abyssal Knight began the quest for
                  | the Orb.
     0 | Abyss:1  | Reached XP level 1. HP: 18/18 MP: 2/2
    35 | D:1      | Escaped the Abyss
   100 | D:1      | Reached XP level 2. HP: 21/24 MP: 3/3
   205 | D:1      | Reached skill level 1 in Armour
   350 | D:1      | Reached ** piety under Lugonu
   461 | D:1      | Reached XP level 3. HP: 29/29 MP: 4/4
   625 | D:2      | Reached XP level 4. HP: 8/37 MP: 5/5
   869 | D:2      | Found a burning altar of Makhleb.
  1033 | D:2      | Found a glowing golden altar of the Shining One.
  1294 | D:2      | Found a sparkling altar of Nemelex Xobeh.
  1872 | D:3      | Reached XP level 5. HP: 31/42 MP: 7/7
  2803 | D:3      | Reached *** piety under Lugonu
  2922 | D:3      | Reached XP level 6. HP: 48/48 MP: 8/8
  2977 | D:3      | Noticed Robin
  3002 | D:3      | Killed Robin
  3108 | D:3      | Noticed Natasha
  3148 | D:3      | Killed from afar by Natasha

Vault maps used:
D:1:      lemuel_arrival_behind_the_door_large
D:2:      nemelex_xobeh_ov_fountains_minmay, tso_metal_star,
          makhleb_blood_cavern_becter
D:3:      uniq_natasha, uniq_robin

Skill      XL: |  1  2  3  4  5  6 |
---------------+-------------------+-----
Dodging        | 3 4 |  4.4
Armour         | 1 2 |  2.0
Polearms       | 4 |  4.8
Fighting       | 4 |  4.4
Invocations    | 3 |  3.4

Action                   |  1- 3 |  4- 6 || total
-------------------------+-------+-------++-------
Melee: Spear             |   112 |   111 ||   223
       Trident           |       |    86 ||    86
       Unarmed           |       |     2 ||     2
  Use: Potion            |       |     1 ||     1
  Eat: Chunk             |       |     7 ||     7
Armor: Leather armour    |    21 |    22 ||    43
Dodge: Dodged            |    58 |    86 ||   144

Table legend:
 A = Non-vault XP
 B = Vault XP
 C = Vault XP percentage of total XP
 D = Non-vault monster count
 E = Vault monster count
 F = Vault count percentage of total count
                 A         B        C        D         E       F
            +---------+---------+-------+---------+---------+-------
      Total |     298 |      82 |  21.6 |      71 |      14 |  16.5
            +---------+---------+-------+---------+---------+-------
        D:1 |      40 |       0 |   0.0 |      24 |       0 |   0.0
        D:2 |     108 |      43 |  28.5 |      22 |       1 |   4.3
        D:3 |     150 |      39 |  20.6 |      25 |      13 |  34.2
            +---------+---------+-------+---------+---------+-------
